 Dungeon Crawl Stone Soup version 0.16.0-12-g7215832 (webtiles) character file.

193 RobertPalmer the Sneak (level 5, -10/34 HPs)
             Began as an Octopode Hunter on Mar 18, 2015.
             Killed from afar by an orc wizard (14 damage)
             ... with a puff of flame
             ... on level 3 of the Dungeon.
             The game lasted 00:07:29 (2873 turns).

RobertPalmer the Sneak (Octopode Hunter)            Turns: 2873, Time: 00:07:29

Health: -10/34     AC:  1    Str: 12    XL:     5   Next: 72%
Magic:  1/1        EV: 12    Int: 13    God:
Gold:   140        SH:  0    Dex: 13    Spells: 0 memorised, 4 levels left

rFire  . . .     SeeInvis .     w - +1 hand axe (antimagic)
rCold  . . .     Clarity  .     (no shield)
rNeg   . . .     SustAb   .     (helmet restricted)
rPois  .         Gourm    .     (no amulet)
rElec  .         Spirit   .     (no ring)
rCorr  .         Warding  .     (no ring)
rMut   .         Stasis   .     (no ring)
MR     .....                    (no ring)
Stlth  ++++......               (no ring)
                                (no ring)
                                (no ring)
                                (no ring)

@: not resistant to hostile enchantments, stealthy
A: almost no armour, amphibious, 8 rings, constrict 8, camouflage 1, gelatinous
body 1
a: no special abilities


You were on level 3 of the Dungeon.
You were not hungry.

You visited 1 branch of the dungeon, and saw 3 of its levels.

You collected 140 gold pieces.

Inventory:

Hand weapons
 a - a +0 short sword
 b - a +1 hand crossbow
 h - a +0 blowgun
   (You took it off a kobold on level 3 of the Dungeon)
 w - a +1 antimagic hand axe (weapon)
   (You took it off an orc priest on level 3 of the Dungeon)
Missiles
 c - 13 bolts
 q - 26 poisoned needles
Jewellery
 g - an uncursed ring of fire {unknown}
   (You found it on level 1 of the Dungeon)
 l - an uncursed ring of invisibility {unknown}
   (You found it on level 1 of the Dungeon)
Magical devices
 v - a wand of random effects (30)
   (You found it on level 3 of the Dungeon)
Scrolls
 d - a scroll of teleportation {unknown}
 e - 5 scrolls of identify {unknown}
 i - a scroll of magic mapping {unknown}
 n - a scroll of noise {unknown}
 p - a scroll of blinking {unknown}
 r - 2 scrolls of remove curse {unknown}
 u - a scroll of fog {unknown}
Potions
 k - a potion of heal wounds
 o - a potion of curing {unknown}
 t - a potion of mutation {unknown}
Comestibles
 f - 2 bread rations {@e1}
 m - a slice of pizza
 s - 2 beef jerkies


   Skills:
 - Level 2.0 Fighting
 - Level 3.2 Short Blades
 - Level 4.0 Crossbows
 - Level 2.0 Dodging
 + Level 5.9 Stealth


You had 4 spell levels left.
You didn't know any spells.

Dungeon Overview and Level Annotations

Branches:
Dungeon (3/15)

Altars:
Okawaru

Annotations:
D:3 RobertPalmer's ghost, average OpEn


Innate Abilities, Weirdness & Mutations

You cannot wear most types of armour.
You are amphibious.
You can wear up to eight rings at the same time.
You can use your tentacles to constrict many enemies at once.
Your skin changes colour to match your surroundings (Stealth).
Your rubbery body absorbs attacks (AC +1).


Message History

A worker ant comes into view.
Health restored: 34 A worker ant is nearby!
A worker ant is nearby!
A worker ant is nearby!
A worker ant is nearby!
Wield which item (- for none, * to show all)? (? for menu, Esc to quit)
h - a +0 blowgun (weapon)
Aim: a worker ant (hasn't noticed you)
You shoot a poisoned needle.
The poisoned needle hits the worker ant!
The worker ant is poisoned.
Aim: a worker ant (heavily wounded, poisoned)
You shoot a poisoned needle.
The poisoned needle barely misses the worker ant.
a - a +0 short sword (weapon)
You kill the worker ant!
You see here a worker ant corpse.
You butcher the worker ant corpse.
You see here 2 chunks of flesh {@w0}.
Eat one of 2 chunks of flesh {@w0}? (ye/n/q/i?)
You continue eating. x2
Wield which item (- for none, * to show all)? (? for menu, Esc to quit)
h - a +0 blowgun (weapon)
Aim: an orc wizard, wielding a dagger and wearing a robe (hasn't noticed you)
You shoot a poisoned needle.
The poisoned needle completely misses the orc wizard.
The orc wizard gestures wildly while chanting.
The orc wizard flickers and vanishes!
Deactivating autopickup; reactivate with Ctrl-A.
MP restored: 5
There is a stone staircase leading up here.
There is a stone staircase leading up here.
You climb upwards.
There is a stone staircase leading down here.
There is a stone staircase leading down here.
You climb downwards.
Level annotation: RobertPalmer's ghost, average OpEn
There is a stone staircase leading up, spattered with blood here.
The orc wizard is too close now for your liking.
An orc wizard is nearby!
An orc wizard is nearby!
Aim: an orc wizard, wielding a dagger and wearing a robe You shoot a poisoned needle.
The poisoned needle hits the orc wizard!
The orc wizard is poisoned.
The orc wizard casts a spell at you. The magic dart hits you!
You take 6 damage, and have 28/34 hp.
a - a +0 short sword (weapon)
Wield which item (- for none, * to show all)? (? for menu, Esc to quit)
You feel magic leave you.
w - a +1 antimagic hand axe (weapon)
You now have 1/1 mp.
The orc wizard closely misses you.
You hit the orc wizard but do no damage.
Your grab misses the orc wizard. The orc wizard casts a spell at you.
You are confused.
The orc wizard closely misses you.
You miss the orc wizard.
The orc wizard hits you but does no damage.
You're too confused to move!
The orc wizard points at you and mumbles some strange words.
You are more confused.
Unknown command.
You barely miss the orc wizard.
The orc wizard casts a spell.
The orc wizard flickers and vanishes!
You closely miss something. Something hits you.
You hear some strange, mumbled words.
The puff of flame misses you.
You take 1 damage, and have 28/34 hp.
You bump into the rock wall.
Something hits you but does no damage.
You barely miss something. You squeeze something.
You hear some strange, mumbled words.
The puff of flame hits you!
You take 9 damage, and have 19/34 hp.
MASSIVE DAMAGE!!
You closely miss something. Something hits you.
You take 2 damage, and have 17/34 hp.
You miss something. Something hits you. Something hits you.
You take 2 damage, and have 15/34 hp.
Unknown command.
You bump into the rock wall.
You hear some strange, mumbled words.
A puff of flame appears from out of thin air!
The puff of flame hits you!
* * * LOW HITPOINT WARNING * * *
You take 7 damage, and have 8/34 hp.
MASSIVE DAMAGE!!
You hit something. Something hits you.
* * * LOW HITPOINT WARNING * * *
You take 4 damage, and have 4/34 hp.
Unknown command.
You feel less confused.
You hear some strange, mumbled words.
A puff of flame appears from out of thin air!
The puff of flame hits you!
You die...

#.# #..<....# #.#
##.....## ##.#
##....### #..#
#.o...>.# #######.####
#.......# #..........#
#.......# #..........#
#.......#
#..........###.......#
#.........@.{........#
#..........###.......#
#..........# #.......#
#.....<....# #.......
#..........# .......
#..........# ######
############


There were no monsters in sight!

Vanquished Creatures
  An orc wizard (D:3)
  An orc priest (D:3)
  A worker ant (D:3)
  3 adders
  A giant mite (D:3)
  3 giant geckos
  An ooze (D:1)
  9 orcs
  2 ball pythons
  3 bats
  5 giant cockroaches
  7 goblins
  7 hobgoblins
  7 jackals
  A quokka (D:3)
  A giant newt (D:2)
  8 kobolds
  4 rats
65 creatures vanquished.

Notes
Turn   | Place    | Note
--------------------------------------------------------------
     0 | D:1      | RobertPalmer, the Octopode Hunter, began the quest for the Orb.
     0 | D:1      | Reached XP level 1. HP: 14/14 MP: 1/1
   110 | D:1      | Reached skill level 1 in Short Blades
   245 | D:1      | Reached XP level 2. HP: 17/19 MP: 2/2
   307 | D:1      | Reached skill level 2 in Short Blades
   491 | D:1      | Reached XP level 3. HP: 18/24 MP: 3/3
   939 | D:1      | Reached skill level 3 in Short Blades
  1492 | D:2      | Reached skill level 2 in Stealth
  1492 | D:2      | Reached XP level 4. HP: 14/29 MP: 4/4
  1866 | D:2      | Reached skill level 3 in Stealth
  1923 | D:2      | Found an iron altar of Okawaru.
  2202 | D:3      | Noticed RobertPalmer's ghost (average OpEn)
  2350 | D:3      | Reached skill level 4 in Stealth
  2378 | D:3      | Reached XP level 5. HP: 32/34 MP: 5/5
  2765 | D:3      | Reached skill level 5 in Stealth
  2871 | D:3      | HP: 8/34 [something/puff of flame (7)]
  2873 | D:3      | Killed from afar by an orc wizard

Action                   |  1- 3 |  4- 6 || total
-------------------------+-------+-------++-------
Melee: Short sword       |    78 |    35 ||   113
       Hand axe          |       |    10 ||    10
 Fire: Hand crossbow     |    11 |    29 ||    40
       Blowgun           |       |     4 ||     4
  Use: Potion            |       |     3 ||     3
 Stab: Sleeping          |     8 |     3 ||    11
  Eat: Chunk             |     2 |     4 ||     6

Vault maps used:
D:1:      minmay_arrival_open_corners
D:2:      okawaru_gym_becter

Table legend:
 A = Turns spent in this place as a percentage of turns spent in the entire game.
 B = Non-inter-level travel turns spent in this place as a percentage of non-inter-level travel turns spent in the entire game.
 C = Inter-level travel turns spent in this place as a percentage of turns spent in this place.
 D = Turns resting spent in this place as a percentage of non-inter-level travel turns spent in this place.
 E = Turns spent auto-exploring this place as a percentage of non-inter-level travel turns spent in this place.
 F = Non-inter-level travel turns spent in this place divided by the number of levels of this place that you've seen.
                   A       B       C       D       E      F
               +-------+-------+-------+-------+-------+----------------------
         Total | 100.0 | 100.0 |   0.3 |   3.0 |   6.5 | 320.0
       Dungeon | 100.0 | 100.0 |   0.3 |   3.0 |   6.5 | 320.0
               +-------+-------+-------+-------+-------+----------------------

Table legend:
 A = Kills in this place as a percentage of kills in entire the game.
 B = Kills by you in this place as a percentage of kills by you in the entire game.
 C = Kills by friends in this place as a percentage of kills by friends in the entire game.
 D = Other kills in this place as a percentage of other kills in the entire game.
 E = Experience gained in this place as a percentage of experience gained in the entire game.
 F = Experience gained in this place divided by the number of levels of this place that you have seen.
                   A       B       C       D       E      F
               +-------+-------+-------+-------+-------+----------------------
         Total | 100.0 | 100.0 |  -nan |  -nan | 100.0 |  92.0
       Dungeon | 100.0 | 100.0 |  -nan |  -nan | 100.0 |  92.0
               +-------+-------+-------+-------+-------+----------------------
